 Dungeon Crawl Stone Soup version 0.19-a0-892-g8a19e52 (webtiles) character file.

90538 Moloch the Executioner (level 15, -6/115 HPs)
             Began as a Demonspawn Fighter on July 4, 2016.
             Was the Champion of Okawaru.
             Mangled by a troll (9 damage)
             ... on level 12 of the Dungeon.
             The game lasted 01:11:48 (25022 turns).

Moloch the Executioner (Demonspawn Fighter)        Turns: 25022, Time: 01:11:48

Health: -6/115     AC: 12    Str: 19    XL:     15   Next: 52%
Magic:  13/13      EV: 10    Int: 13    God:    Okawaru [******]
Gold:   1620       SH:  0    Dex: 20    Spells: 0 memorised, 14 levels left

rFire  . . .     SeeInvis +     J - +0 battleaxe (flame)
rCold  + + .     Gourm    .     S - +0 ring mail of Remuap {rC++ MR+ Dex+3}
rNeg   . . .     Faith    +     (shield currently unavailable)
rPois  .         Spirit   .     U - +0 hat "Xussilit" {+Inv MR+ Int+3}
rElec  .         Dismiss  .     C - +2 cloak
rCorr  .         Reflect  .     P - +0 pair of gloves {Dex+3}
SustAt .         Harm     .     (boots unavailable)
MR     +++..                    o - amulet of faith
Stlth  +.........               A - ring of see invisible
                                s - +3 ring of slaying

@: extremely resistant to hostile enchantments, very unstealthy
A: talons 3, thin metallic scales 2, clumsy 1, demonic guardian 1, low mp 1,
powered by death 2
a: Heroism, Finesse, Renounce Religion, Evoke Invisibility


You were on level 12 of the Dungeon.
You worshipped Okawaru.
Okawaru was exalted by your worship.
You were hungry.

You visited 4 branches of the dungeon, and saw 22 of its levels.
You visited the Abyss 1 time.
You also visited: Labyrinth and Ice Cave.

You collected 2881 gold pieces.
You spent 1261 gold pieces at shops.

Inventory:

Hand Weapons
 J - a +0 battleaxe of flaming (weapon)
Missiles
 q - 2 throwing nets (quivered)
Armour
 u - the +15 Maxwell's patent armour {-Cast -Tele rElec MR+ rCorr}
   (You found it on level 11 of the Dungeon)

   It insulates you from electricity.
   It affects your resistance to hostile enchantments.
   It prevents spellcasting.
   It prevents most forms of teleportation.
   It protects you from acid and corrosion.
 C - a +2 cloak (worn)
 L - a +0 chain mail of poison resistance
 P - a +0 pair of gloves of dexterity (worn)
 S - the +0 ring mail of Remuap (worn) {rC++ MR+ Dex+3}
   (Okawaru gifted it to you on level 12 of the Dungeon)

   It affects your dexterity (+3).
   It greatly protects you from cold.
   It affects your resistance to hostile enchantments.
 U - the +0 hat "Xussilit" (worn) {+Inv MR+ Int+3}
   (Okawaru gifted it to you on level 4 of the Lair of Beasts)

   It affects your intelligence (+3).
   It affects your resistance to hostile enchantments.
   It lets you turn invisible.
Jewellery
 c - an uncursed amulet of regeneration
 k - an uncursed ring of ice
 l - an uncursed ring of protection from magic
 o - an amulet of faith (around neck)
 s - a +3 ring of slaying (left hand)
 A - a ring of see invisible (right hand)
Wands
 i - a wand of confusion (5/48)
 B - a wand of hasting (8/9)
 H - a wand of disintegration (15/24)
 I - a wand of digging (10/24)
 M - a wand of lightning (8/15)
Scrolls
 b - a scroll of amnesia
 e - 4 scrolls of enchant weapon
 j - 4 scrolls of blinking
 n - 2 scrolls of immolation
 p - 10 scrolls of teleportation
 v - 3 scrolls of fear
 w - 3 scrolls of enchant armour
 x - 4 scrolls of recharging
 y - a scroll of brand weapon
 E - 9 scrolls of remove curse
 V - 2 scrolls of fog
 Y - 5 scrolls of magic mapping
Potions
 d - 2 potions of might
 h - a potion of haste
 m - 4 potions of flight
 r - 6 potions of curing
 t - 2 potions of heal wounds
 z - a potion of magic
 F - a potion of ambrosia
 G - a potion of invisibility
 K - 4 potions of brilliance {unknown}
 N - 3 potions of mutation
 O - a potion of agility {unknown}
 T - a potion of cancellation
 W - a potion of berserk rage {unknown}
 Z - 2 potions of resistance {unknown}
Comestibles
 f - 19 bread rations
 g - 10 meat rations
 D - 5 fruits
 Q - 20 beef jerkies
 R - 5 chunks of flesh


   Skills:
 - Level 10.2 Fighting
 + Level 21.9 Axes
 - Level 2.6 Armour
   Level 2.6 Shields


You had 14 spell levels left.
You didn't know any spells.

Dungeon Overview and Level Annotations

Branches:
Dungeon (13/15)            Temple (1/1) D:7            Lair (6/6) D:9
 Shoals (0/4) Lair:2       Spider (0/4) Lair:2        Slime (0/5) Lair:5
    Orc (2/2) D:10            Elf (0/3) Orc:2
 Vaults: D:13-14

Altars:
Ashenzari
Cheibriados
Dithmenos
Elyvilon
Fedhas
Gozag
Hepliaklqana
Kikubaaqudgha
Makhleb
Nemelex Xobeh
Okawaru
Pakellas
Qazlal
Ru
Sif Muna
Trog
Uskayaw
Vehumet
Xom
Yredelemnul
Zin
The Shining One
Beogh

Shops:
D:6 *   D:8 =}   D:10 =[   Orc:2 [*(=

Annotations:
D:13 Schizzik's ghost, journeyman VSBe


Innate Abilities, Weirdness & Mutations

You have claws for feet.
You are mostly covered in thin metallic scales. (AC +3)
A weak demonic guardian rushes to your aid.
You regenerate health from kills.
You are clumsy. (Dex -2)
Your magical capacity is low. (-10% MP)


Message History

Okawaru accepts your kill.
You slash the troll! You burn the troll. You claw the troll.
The troll is heavily wounded.
The troll bites you!
* * * LOW HITPOINT WARNING * * *
The troll claws you but does no damage. The troll claws you.
* * * LOW HITPOINT WARNING * * *
You feel better. The troll barely misses you. The troll misses you.
The troll closely misses you.
You barely miss the troll. You claw the troll.
The troll is heavily wounded.
You closely miss the troll. Your kick misses the troll.
The troll is heavily wounded.
The troll bites you!
* * * LOW HITPOINT WARNING * * *
The troll closely misses you. The troll claws you but does no damage.
You feel better. The troll bites you!
* * * LOW HITPOINT WARNING * * *
The troll claws you!
You die...

##.......# #..#.#..#
#.......#
#.......####
####.......#####
#...........##
##.[..........##
##..............##
##.....@..........#
#......T..........##
##.................##
#..................#
#
#........).........#
#
#.................##
# #..........<.....##
# #...............##
## ##..............##
#.


You could see a troll.

Vanquished Creatures
  A tentacled starspawn (Abyss:1)
  Gastronok (Lair:3)
  Maud (Lair:4)
  An orc warlord (Orc:2)
  The ghost of Shenda the Grappler, a journeyman TrMo (D:10)
  Snorg (D:10)
  The ghost of Amnesiac the Stormcaller, a journeyman HEAE of Sif Muna (Orc:2)
  A minotaur (Lab)
  A fire dragon (Lair:6)
  An ice dragon (D:12)
  5 hydras
  Harold (D:11)
  The ghost of Moloch the Severer, a journeyman DsFi of Okawaru (IceCv)
  Erolcha (D:13)
  7 death yaks
  2 orc high priests (Orc:2)
  Sonja (D:10)
  An unseen horror (D:8)
  5 hill giants
  2 lindwurms (Lair:6)
  4 orc knights
  A necromancer (IceCv)
  Pikel (D:4)
  An ugly thing (D:11)
  10 deep elf magi
  4 orc sorcerers
  A griffon (Lair:6)
  A manticore (D:8)
  Maurice (D:8)
  A siren (Lair:2)
  4 torpor snails (Lair:6)
  6 elephants
  Joseph (Lair:1)
  7 ice statues
  Psyche (D:8)
  7 spiny frogs
  4 black mambas
  7 komodo dragons
  2 kobold demonologists (D:12)
  6 ice devils (IceCv)
  8 polar bears (Lair:6)
  7 trolls
  4 two-headed ogres
  7 giant leeches (Lair:6)
  Grinder (D:5)
  2 raiju (Lair:6)
  14 blink frogs
  2 large abominations (Abyss:1)
  2 redbacks (Lair:2)
  Sigmund (D:2)
  A vampire (D:12)
  A spriggan (D:8)
  6 wyverns
  38 yaks
  5 basilisks
  A human (D:10)
  5 hippogriffs
  2 hungry ghosts (D:11)
  A neqoxec (Abyss:1)
  10 wargs
  8 hell hounds (Lair:6)
  19 water moccasins
  7 porcupines
  26 orc warriors
  5 wasps
  16 ice beasts
  15 black bears
  An eye of draining (D:9)
  20 ogres
  6 phantoms
  27 wolves
  4 centaurs
  11 crocodiles
  2 big kobolds
  16 giant frogs
  5 scorpions
  A small abomination (Abyss:1)
  12 killer bees (D:11)
  A howler monkey (D:10)
  17 wights
  6 electric eels
  9 crimson imps
  4 centaur zombies
  A wyvern simulacrum (D:12)
  2 draconian simulacra (IceCv)
  2 giant frog zombies
  2 quasits
  2 iron imps
  10 orc priests
  23 hounds
  14 jellies
  A centaur skeleton (D:11)
  A giant frog skeleton (D:13)
  7 iguanas
  Terence (D:2)
  Natasha (D:2)
  2 spriggan simulacra (IceCv)
  14 orc wizards
  9 worker ants
  12 sheep
  A killer bee zombie (D:7)
  3 centaur simulacra
  5 giant frog simulacra (D:12)
  A hound zombie (D:7)
  5 hound skeletons
  A worker ant zombie (D:5)
  15 adders
  38 river rats
  3 naga simulacra (IceCv)
  An ogre simulacrum (IceCv)
  4 shadow imps
  5 white imps (D:12)
  An adder zombie (D:6)
  3 adder skeletons
  22 worms
  A dart slug (D:1)
  2 giant geckos
  71 orcs
  3 ball pythons
  10 bats
  4 giant cockroaches
  8 goblins
  11 hobgoblins
  17 jackals
  7 quokkas
  3 giant newts
  19 kobolds
  7 rats
  2 fungi (Orc:2)
  A plant (Lair:6)
840 creatures vanquished.

Vanquished Creatures (collateral kills)
  The ghost of RogueShenanigans the Cleaver, a journeyman MiFi of Trog (Lair:2)
  A storm dragon skeleton (Abyss:1)
  An orc sorcerer (Orc:2)
  A centaur zombie (D:10)
  A torpor snail (Lair:6)
  An ice devil (IceCv)
  3 blink frogs (Lair:6)
  A yak (D:12)
  A basilisk (Lair:2)
  A warg (Orc:2)
  A sky beast (D:5)
  An ogre (D:6)
  An ice beast (D:7)
  2 wolves
  A big kobold (D:10)
  A giant frog (D:6)
  A scorpion (D:4)
  A howler monkey (D:4)
  A wasp zombie (D:6)
  A centaur skeleton (D:8)
  An orc wizard (Orc:2)
  7 orcs
  A fungus (Orc:2)
32 creatures vanquished.

Vanquished Creatures (others)
  A scorpion (D:4)
  A centaur skeleton (D:6)
  An adder (D:4)
  An orc (D:4)
  18 fungi
  38 plants
  3 starspawn tentacles (Abyss:1)
  A starspawn tentacle segment (Abyss:1)
64 creatures vanquished.

Grand Total: 936 creatures vanquished

Notes
Turn   | Place    | Note
-------+----------+-------------------------------------------
     0 | D:1      | Moloch the Demonspawn Fighter began the quest for the Orb.
     0 | D:1      | Reached XP level 1. HP: 18/18 MP: 1/1
    24 | D:1      | Reached skill level 2 in Axes
    24 | D:1      | Gained mutation: You regenerate a little health from kills. [demonic ancestry]
    24 | D:1      | Reached XP level 2. HP: 8/24 MP: 2/2
   579 | D:1      | Gained mutation: You are partially covered in thin metallic scales. (AC +2) [demonic ancestry]
   579 | D:1      | Reached XP level 3. HP: 18/29 MP: 3/3
   929 | D:1      | Reached skill level 3 in Axes
  1052 | D:2      | Noticed Sigmund
  1054 | D:2      | Noticed Natasha
  1477 | D:2      | Gained mutation: You are mostly covered in thin metallic scales. (AC +3) [demonic ancestry]
  1477 | D:2      | Reached XP level 4. HP: 35/35 MP: 4/4
  1590 | D:2      | Reached skill level 4 in Axes
  1605 | D:2      | Found a glowing golden altar of the Shining One.
  1605 | D:2      | Found a glowing silver altar of Zin.
  1849 | D:2      | Noticed Terence
  1863 | D:2      | Killed Terence
  1919 | D:2      | Reached XP level 5. HP: 39/41 MP: 5/5
  1982 | D:2      | Killed Sigmund
  1982 | D:2      | Reached skill level 5 in Axes
  1982 | D:2      | Gained mutation: A weak demonic guardian rushes to your aid. [demonic ancestry]
  1982 | D:2      | Reached XP level 6. HP: 47/47 MP: 6/6
  1999 | D:2      | Killed Natasha
  1999 | D:2      | Reached skill level 6 in Axes
  2212 | D:3      | Found a shattered altar of Ashenzari.
  2571 | D:3      | Found an opulent altar of Gozag.
  3038 | D:4      | Gained mutation: You have sharp toenails. [demonic ancestry]
  3038 | D:4      | Reached XP level 7. HP: 52/53 MP: 7/7
  3117 | D:4      | Reached skill level 7 in Axes
  3150 | D:4      | Found a burning altar of Makhleb.
  3300 | D:4      | Noticed Pikel
  3306 | D:4      | Killed Pikel
  3306 | D:4      | Reached skill level 8 in Axes
  3306 | D:4      | Gained mutation: You regenerate health from kills. [demonic ancestry]
  3306 | D:4      | Reached XP level 8. HP: 59/61 MP: 8/8
  3869 | D:5      | Entered Level 5 of the Dungeon
  3915 | D:5      | Gained mutation: You are clumsy. (Dex -2) [mutagenic meat]
  3918 | D:5      | Gained mutation: You are covered in fur. (AC +1) [mutagenic meat]
  3921 | D:5      | Gained mutation: Your magical capacity is low. (-10% MP) [mutagenic meat]
  3924 | D:5      | Lost mutation: You are covered in fur. (AC +1) [mutagenic meat]
  4180 | D:5      | Reached skill level 9 in Axes
  4322 | D:5      | Noticed Grinder
  4323 | D:5      | Paralysed by Grinder for 5 turns
  4337 | D:5      | Killed Grinder
  4337 | D:5      | Reached skill level 5 in Fighting
  4585 | D:6      | Reached skill level 10 in Axes
  4747 | D:6      | Found Alecydwe's Assorted Antiques.
  4757 | D:6      | Gained mutation: You have razor-sharp toenails. [demonic ancestry]
  4757 | D:6      | Reached XP level 9. HP: 68/68 MP: 8/8
  4762 | D:6      | Bought a dented zirconium amulet for 135 gold pieces
  4762 | D:6      | Bought a runed cloak for 121 gold pieces
  4842 | D:6      | Found a shadowy altar of Dithmenos.
  5446 | D:7      | Reached skill level 11 in Axes
  5847 | D:7      | Noticed a moth of wrath
  5850 | D:7      | Found a bloodstained altar of Trog.
  5927 | D:7      | Found a staircase to the Ecumenical Temple.
  6099 | Temple   | Entered the Ecumenical Temple
  6184 | Temple   | Became a worshipper of Warmaster Okawaru
  6311 | D:7      | Found a basalt altar of Yredelemnul.
  6398 | D:8      | Noticed Maurice
  6435 | D:8      | Killed Maurice
  6510 | D:8      | Found Kituxa Mexu's Gadget Shop.
  6521 | D:8      | Reached * piety under Okawaru
  6521 | D:8      | Reached XP level 10. HP: 77/79 MP: 9/9
  6587 | D:8      | Noticed a manticore
  6603 | D:8      | Killed a manticore
  6857 | D:8      | Noticed Psyche
  6863 | D:8      | Noticed an unseen horror
  6876 | D:8      | Killed an unseen horror
  6886 | D:8      | Killed Psyche
  6886 | D:8      | Reached ** piety under Okawaru
  6886 | D:8      | Reached skill level 12 in Axes
  6940 | D:8      | Found Mianaoha's Jewellery Emporium.
  6989 | D:8      | Paralysed by a crimson imp for 4 turns
  6995 | D:8      | Paralysed by a crimson imp for 4 turns
  7002 | D:8      | Paralysed by a crimson imp for 7 turns
  7895 | D:9      | Reached *** piety under Okawaru
  7989 | D:8      | Reached skill level 10 in Fighting
  8413 | D:9      | Found a staircase to the Lair.
  8702 | D:10     | Entered Level 10 of the Dungeon
  8714 | D:10     | Reached XP level 11. HP: 91/91 MP: 9/9
  8813 | D:10     | Noticed Shenda's ghost (journeyman TrMo)
  9455 | D:10     | Found Nux Quf's Antique Armour Shop.
  9581 | D:10     | Noticed a hill giant
  9600 | D:10     | Killed a hill giant
  9693 | D:10     | Reached skill level 13 in Axes
  9709 | D:10     | Found a staircase to the Orcish Mines.
  9773 | D:10     | Noticed Sonja
  9774 | D:10     | Noticed a hill giant
  9919 | D:10     | Killed a hill giant
  9926 | D:10     | Killed Shenda's ghost
  9926 | D:10     | Reached **** piety under Okawaru
 10076 | D:10     | Noticed Snorg
 10089 | D:10     | Killed Snorg
 10089 | D:10     | Reached ***** piety under Okawaru
 10136 | D:10     | Found Efosenwu's Jewellery Shop.
 10188 | D:10     | Cast into level 1 of the Abyss (Sonja)
 10258 | Abyss:1  | Found a corrupted altar of Lugonu.
 10328 | Abyss:1  | Reached skill level 14 in Axes
 10391 | Abyss:1  | Noticed a tentacled starspawn
 10412 | Abyss:1  | Killed a tentacled starspawn
 10417 | Abyss:1  | HP: 4/91 [large abomination (18)]
 10467 | D:10     | Escaped the Abyss
 10483 | D:10     | Killed Sonja
 10538 | D:10     | Reached skill level 15 in Axes
 10538 | D:10     | Reached XP level 12. HP: 92/97 MP: 10/10
 10617 | Orc:1    | Entered Level 1 of the Orcish Mines
 10707 | D:8      | Bought an uncursed ring of ice for 325 gold pieces
 10819 | Orc:1    | Found a frozen archway.
 10834 | IceCv    | Entered an ice cave
 10949 | IceCv    | Noticed Moloch's ghost (journeyman DsFi)
 10984 | IceCv    | Killed Moloch's ghost
 12689 | Orc:1    | Found a radiant altar of Vehumet.
 12889 | D:10     | Reached skill level 16 in Axes
 13425 | Orc:1    | Received a gift from Okawaru
 14020 | Lair:1   | Entered Level 1 of the Lair of Beasts
 14451 | Lair:1   | Noticed a five-headed hydra
 14462 | Lair:1   | Killed a five-headed hydra
 14584 | Lair:1   | Noticed Joseph
 14595 | Lair:1   | Paralysed by Joseph for 7 turns
 14603 | Lair:1   | Killed Joseph
 14725 | Lair:1   | Reached skill level 17 in Axes
 15077 | Lair:2   | Noticed RogueShenanigans's ghost (journeyman MiFi)
 15109 | Lair:2   | Killed RogueShenanigans's ghost
 15109 | Lair:2   | Gained mutation: You have claws for feet. [demonic ancestry]
 15109 | Lair:2   | Reached XP level 13. HP: 71/103 MP: 8/11
 15239 | Lair:2   | Found a staircase to the Shoals.
 15324 | Lair:2   | Found a hole to the Spider Nest.
 16133 | Lair:3   | Noticed Gastronok
 16242 | Lair:3   | Killed Gastronok
 16565 | Lair:4   | Reached skill level 18 in Axes
 16672 | Lair:4   | Noticed Maud
 16693 | Lair:4   | Received a gift from Okawaru
 16695 | Lair:4   | Got a slimy hat {god gift}
 16724 | Lair:4   | Identified the +0 hat "Xussilit" {+Inv MR+ Int+3} (Okawaru gifted it to you on level 4 of the Lair of Beasts)
 16774 | Lair:4   | Killed Maud
 17675 | Lair:5   | Found a staircase to the Slime Pits.
 18192 | Lair:5   | Reached skill level 19 in Axes
 18678 | Lair:5   | Reached XP level 14. HP: 51/110 MP: 8/12
 18746 | Lair:6   | Entered Level 6 of the Lair of Beasts
 18874 | Lair:6   | Received a gift from Okawaru
 19088 | Lair:6   | Received a gift from Okawaru
 19229 | Lair:6   | Found a runed door.
 19527 | Lair:6   | Reached skill level 20 in Axes
 20656 | Orc:2    | Entered Level 2 of the Orcish Mines
 20666 | Orc:2    | Found a labyrinth entrance.
 20688 | Lab      | Entered a labyrinth
 20845 | Orc:2    | Noticed Amnesiac's ghost (journeyman HEAE)
 21007 | Orc:2    | Killed Amnesiac's ghost
 21007 | Orc:2    | Reached ****** piety under Okawaru
 21308 | Orc:1    | Received a gift from Okawaru
 21512 | Orc:2    | Reached skill level 21 in Axes
 21512 | Orc:2    | Reached XP level 15. HP: 55/115 MP: 13/13
 21761 | Orc:2    | Found Oreq's General Store.
 21840 | Orc:2    | Found a roughly hewn altar of Beogh.
 21943 | D:10     | Bought an uncursed amulet of faith for 680 gold pieces
 22136 | Orc:2    | Found Ynkihyh's Antique Armour Shoppe.
 22156 | Orc:2    | Found Ureaf's Antique Weapon Boutique.
 22206 | Orc:2    | Found a staircase to the Elven Halls.
 22334 | Orc:2    | Found Roagerr's Jewellery Shop.
 22341 | Orc:2    | Noticed an orc warlord
 22356 | Orc:2    | Killed an orc warlord
 22705 | D:11     | Found a deep blue altar of Sif Muna.
 22860 | D:11     | Found a burning altar of Makhleb.
 23249 | D:11     | Noticed Harold
 23270 | D:11     | Killed Harold
 23653 | D:12     | Received a gift from Okawaru
 23669 | D:12     | Got an ichor-stained ring mail {god gift}
 23701 | D:12     | Identified the +0 ring mail of Remuap {rC++ MR+ Dex+3} (Okawaru gifted it to you on level 12 of the Dungeon)
 24845 | D:13     | Noticed Erolcha
 24851 | D:13     | Killed Erolcha
 24928 | D:13     | Noticed Schizzik's ghost (journeyman VSBe)
 24966 | D:13     | HP: 2/115 [Schizzik's ghost (17)]
 25022 | D:12     | HP: 3/115 [troll (12)]
 25022 | D:12     | Mangled by a troll

Vault maps used:
D:1:      dpeg_arrival_fog, st_stairs_12, minmay_bisected
D:2:      gammafunk_temple_overflow_pools, uniq_natasha, uniq_sigmund,
          uniq_terence
D:3:      lemuel_doored_altar, first_bread, nicolae_ashenzari_panopticon
D:4:      corexii_shack_village, makhleb_grotto_becter, mrwooster_statue_mirror,
          minmay_misc_feat_pillars, uniq_pikel
D:5:      uniq_grinder
D:6:      serial_shops, shop, serial_park_tiny_2, st_stairs_3,
          minmay_misc_feat_tower, lemuel_statue_altar
D:7:      tgw_trog, yredelemnul_altar_generic
D:8:      serial_shops, shop, shop, the_bakery, uniq_psyche, uniq_maurice
D:9:      david_lair_shrubbed
D:10:     erik_orc_4, serial_shops, shop, shop, uniq_sonja, uniq_snorg
D:11:     basic_altar, bloody_makhleb, uniq_harold
D:12:     minmay_ice_pillars, serial_ice, serial_ice_e, serial_ice_n,
          serial_ice_h, serial_ice_b
D:13:     david_vaults_2, enter_trove_3, uniq_erolcha
Temple:   minmay_crystal_spiral_temple
Lair:1:   serial_bayou_lake_a, grunt_megastairs_2, uniq_joseph
Lair:2:   minmay_shoals_entry_lonely_mermaid, spider_nest_entry_webs
Lair:3:   uniq_gastronok
Lair:4:   grunt_megastairs_3, serial_bayou_shore_a, serial_bayou_shore_b,
          uniq_maud
Lair:5:   minmay_slime_entry_jelly_boxes, beast_lair_carwin_4,
          serial_bayou_shore_b
Lair:6:   wormcave, hangedman_lair_caniforms_friends,
          infiniplex_staircase_pool_2, lemuel_fruit_tree
Orc:1:    nicolae_orc_accident_1, basic_altar, portal_ice_cave_entry_pillars_1,
          mines2_lemuel
Orc:2:    grunt_orc_gardens, grunt_orc_garden, grunt_orc_garden,
          grunt_orc_garden, grunt_orc_garden, lab_entry_generic, basic_altar,
          elves_outpost_lemuel
Abyss:1:  hangedman_abyss_or_decor_stagger
Lab:      labyrinth_spiral, labyrinth_fake_exit, labyrinth_glass_1,
          nicolae_lab_blocks, nicolae_lab_very_dead_end,
          nicolae_lab_flowing_pool, lab_fountain, nicolae_lab_x,
          nicolae_lab_do_over, lab_hedge, nicolae_lab_starburst,
          labyrinth_lava_lair, nicolae_lab_dead_end, nicolae_lab_garden
IceCv:    ice_cave_tombish

Skill      XL: |  1  2  3  4  5  6  7  8  9 10 11 12 13 14 |
---------------+-------------------------------------------+-----
Axes           | 2 3 4 5 6 8 10 11 12 15 17 19 21 | 21.9
Fighting       | 4 5 7 10 | 10.2
Armour         | |  2.6
Shields        | |  2.6

Action                   |  1- 3 |  4- 6 |  7- 9 | 10-12 | 13-15 || total
-------------------------+-------+-------+-------+-------+-------++-------
Melee: War axe           |   175 |   142 |   125 |       |       ||   442
       Flail             |       |    64 |   267 |  1042 |  1337 ||  2710
       Kick              |       |       |    87 |   272 |   617 ||   976
       Punch             |       |       |       |     1 |     2 ||     3
       Battleaxe         |       |       |       |       |   551 ||   551
Invok: Heroism           |       |       |       |    26 |    25 ||    51
       Finesse           |       |       |       |     1 |       ||     1
Evoke: Wand              |       |       |       |    13 |     3 ||    16
  Use: Scroll            |       |     3 |     8 |    10 |    11 ||    32
       Potion            |       |     2 |       |     6 |     5 ||    13
 Stab: Invisible         |       |     2 |       |     4 |       ||     6
       Distracted        |       |       |     4 |    10 |    15 ||    29
       Confused          |       |       |       |     1 |       ||     1
       Paralysed         |       |       |       |       |     2 ||     2
  Eat: Chunk             |     2 |     6 |    16 |    19 |    33 ||    76
       Pizza             |       |       |       |     1 |     2 ||     3
       Royal jelly       |       |       |       |     4 |       ||     4
       Fruit             |       |       |       |       |     1 ||     1
Armor: Scale mail        |   114 |    93 |    13 |       |       ||   220
       Skin              |       |    15 |       |       |    13 ||    28
       Chain mail        |       |       |    44 |    84 |   933 ||  1061
       Plate armour      |       |       |   146 |   360 |    99 ||   605
       Ring mail         |       |       |       |       |    27 ||    27
Dodge: Dodged            |    63 |    46 |    34 |   113 |   670 ||   926
Block: Shield            |   113 |   116 |   226 |   494 |       ||   949
